 Dungeon Crawl Stone Soup version 0.23-a0-389-g4a5eb33 (webtiles) character file.

2673 Firecrotchwizard the Basher (level 9, -1/138 HPs)
             Began as a Troll Berserker on Oct 30, 2018.
             Was a Priest of Trog.
             Slain by a manticore (7 damage)
             ... on level 7 of the Dungeon.
             The game lasted 00:10:45 (6345 turns).

Firecrotchwizard the Basher (Troll Berserker)       Turns: 6345, Time: 00:10:46

Health: -1/138     AC:  6    Str: 32    XL:     9   Next: 37%
Magic:  8/8        EV: 13    Int:  6    God:    Trog [***...]
Gold:   270        SH:  0    Dex:  9    Spells: 8/8 levels left

rFire    . . .     SeeInvis .   C - +2 flail (holy)
rCold    . . .     Gourm    +   (no shield)
rNeg     . . .     Faith    .   b - +1 animal skin
rPois    .         Spirit   .   (helmet restricted)
rElec    .         Reflect  .   (no cloak)
rCorr    .         Harm     .   (gloves unavailable)
MR       .....                  (boots unavailable)
Stlth    ..........             (no amulet)
HPRegen  0.73/turn              e - +3 ring of slaying
MPRegen  0.11/turn              B - +3 ring of evasion

@: berserking, barbed spikes, very quick
A: large, unfitting armour, claws 3, fast metabolism 3, gourmand, regeneration
1, shaggy fur 1, tough skin 2
a: Berserk, Trog's Hand, Renounce Religion


You were on level 7 of the Dungeon.
You worshipped Trog.
Trog was most pleased with you.
You were very full.

You visited 1 branch of the dungeon, and saw 7 of its levels.

You collected 270 gold pieces.

Inventory:

Hand Weapons
 a - a +0 mace
 A - a +0 giant spiked club
   (You took it off an ogre on level 5 of the Dungeon)
 C - a +2 flail of holy wrath (weapon)
   (You took it off Edmund on level 6 of the Dungeon)
Armour
 b - a +1 animal skin (worn)
Jewellery
 e - a +3 ring of slaying (left claw)
   (You found it on level 7 of the Dungeon)
 o - a +2 ring of dexterity
   (You found it on level 3 of the Dungeon)
 B - a +3 ring of evasion (right claw)
   (You found it on level 6 of the Dungeon)
 D - an uncursed ring of protection from fire {rF+, !d}
   (You found it on level 6 of the Dungeon)
Wands
 u - a wand of disintegration (18)
   (You found it on level 4 of the Dungeon)
 E - a wand of polymorph (8)
   (You found it on level 6 of the Dungeon)
Scrolls
 f - 2 scrolls of fog
 g - 7 scrolls of remove curse
 h - a scroll of enchant armour
 i - 9 scrolls of identify
 j - a scroll of magic mapping {!r}
 y - 2 scrolls of amnesia
Potions
 l - a potion of heal wounds {unknown}
 m - 4 potions of haste
 n - a potion of brilliance {unknown}
 p - a potion of degeneration {unknown}
 q - a potion of might {unknown}
 r - a potion of curing {unknown}
 t - a potion of resistance {unknown}
 v - a potion of ambrosia {unknown}
 x - a potion of magic {unknown}
 z - a potion of mutation {unknown}
Comestibles
 c - 11 rations


   Skills:
 + Level 6.6 Fighting
 * Level 10.0 Maces & Flails
 - Level 2.4 Dodging


You had 8 spell levels left.
You didn't know any spells.
Your spell library was empty.

Dungeon Overview and Level Annotations

Branches:
Dungeon (7/15)             Temple (0/1) D:7

Altars:
Gozag
Hepliaklqana
Okawaru
Trog
Uskayaw
Vehumet
Xom
Zin
The Shining One

Shops:
D:6 ?

Annotations:
D:2 1 runed door


Innate Abilities, Weirdness & Mutations

You are too large for most types of armour.
You have claws for hands.
Your metabolism is lightning-fast.
You like to eat raw meat.
Your natural rate of healing is unusually fast.
You are covered in fur. (AC +1)
You have very tough skin. (AC +2)


Message History

You sock the centaur skeleton!
The centaur skeleton convulses!
You destroy the centaur skeleton!
Trog accepts your kill.
The sentinel's mark upon you fades away.
A skeletal warrior comes into view.
It is wielding a +2 falchion of protection.
You barely miss the leopard gecko.
You feel the effects of Trog's Hand fading.
The leopard gecko bites you but does no damage.
A giant cockroach comes into view.
You regained 2 hp, and now have 53/92 hp.
You sock the leopard gecko!
You kill the leopard gecko!
Trog accepts your kill.
You sock the howler monkey zombie!
The howler monkey zombie convulses!!
You destroy the howler monkey zombie!
Trog accepts your kill.
You regained 2 hp, and now have 56/92 hp.
You bludgeon the orc!!
You kill the orc!
Trog accepts your kill.
A skeletal warrior comes into view.
It is wielding a +4 rapier of speed and The ogre closely misses you.
Things that are here:
a +0 war axe; an orc corpse; a leopard gecko corpse You regained 2 hp, and now have 59/92 hp.
Your skin stops crawling.
You feel less resistant to hostile enchantments.
An orc comes into view.
It is wielding a +0 dagger and carrying a wand of A crimson imp comes into view.
It is wielding a +0 trident.
You see here 16 gold pieces.
There is an open door here.
You see here 2 rations.
The ogre misses you.
You see here 2 rations.
You open the door.
The ogre hits you with a +0 giant spiked club!
You take 7 damage, and have 67/92 hp.
There is an open door here.
You see here a baked spriggan corpse.
You butcher the baked spriggan corpse.
Things that are here:
a chunk of flesh {@w0}; a baked spriggan skeleton
As you read the scroll of teleportation, it crumbles to dust.
You feel strangely unstable. The ogre barely misses you.
There are monsters nearby!
You sock the ogre! The ogre barely misses you.
You hit the ogre. You bludgeon the ogre!!
You kill the ogre!
Trog accepts your kill.
Your Maces & Flails skill increases to level 10!
Your surroundings suddenly seem different.
You start resting.
Eating a chunk of flesh {@w0}.
You eat the chunk of flesh {@w0}.
This raw flesh tastes great.
A manticore comes into view.
The manticore moves out of view.
You regained 8 hp, and now have 79/92 hp.
Unknown command.
The manticore is too close now for your liking.
The manticore flicks its tail.
The volley of spikes misses you.
The manticore flicks its tail.
The volley of spikes hits you!
The barbed spikes become lodged in your body.
You take 10 damage, and have 71/92 hp.
The manticore flicks its tail.
The volley of spikes hits you!
The barbed spikes become lodged in your body.
You take 8 damage, and have 63/92 hp.
You closely miss the manticore. The manticore completely misses you.
The manticore claws you. The manticore barely misses you.
You take 1 damage, and have 64/92 hp.
You hit the manticore. The manticore bites you!
The manticore closely misses you. The manticore claws you.
You take 16 damage, and have 48/92 hp.
You hit the manticore. The manticore bites you!
The manticore completely misses you. The manticore claws you.
You take 11 damage, and have 37/92 hp.
You hit the manticore. The manticore bites you. The manticore claws you!
* * * LOW HITPOINT WARNING * * *
The manticore barely misses you.
You take 12 damage, and have 25/92 hp.
You hit the manticore. The manticore bites you!
* * * LOW HITPOINT WARNING * * *
The manticore claws you.
* * * LOW HITPOINT WARNING * * *
The manticore claws you!
* * * LOW HITPOINT WARNING * * *
You take 18 damage, and have 7/92 hp.
You sock the manticore!
The manticore bites you but does no damage.
The manticore barely misses you. The manticore claws you.
* * * LOW HITPOINT WARNING * * *
You take 4 damage, and have 3/92 hp.
A red film seems to cover your vision as you go berserk!
You feel yourself moving faster!
You feel mighty!
The manticore bites you but does no damage.
The manticore claws you!
You die...

*,*,*,*,,*,*#.# #....#
*,*,*,*,,*,*#.# #....#
,,,,,,#,,*,*#5###....#
*,*,*,#.,#,*#.##.....#
*,*,*,#..#.*#)##.....#
*,*,*##..#.*#.##.....#
*,*,*#.....##)#......#
*,***.......#.#...(..##
,***,.........#H@.....#
,,,,,.o....#.........##
,,,,,.Z...,###.......#
,,,,,....,,* ##......#
,,,,,...,,,* ##....##
*,,,,..,,,,* *#.####
***,,.,,,*,* *.##
**,***,*,* #.* ***
*,*,* *#,*


You could see a manticore.

Vanquished Creatures
  Sigmund (D:5)
  A spriggan (D:7)
  A wyvern (D:7)
  A vampire mosquito (D:7)
  Edmund (D:6)
  A water moccasin (D:7)
  2 sky beasts
  An ice beast (D:5)
  2 phantoms
  A centaur (D:6)
  3 ogres
  3 bullfrogs
  2 scorpions (D:6)
  A centaur skeleton (D:7)
  An orc priest (D:4)
  2 hounds
  7 orc wizards
  3 iguanas (D:7)
  Natasha (thrice) (D:3)
  6 worker ants
  A hound zombie (D:7)
  A howler monkey zombie (D:7)
  9 adders
  An ooze (D:3)
  An adder skeleton (D:4)
  An adder zombie (D:3)
  4 worms
  4 leopard geckos
  30 orcs
  3 bats (D:2)
  4 giant cockroaches
  3 hobgoblins
  3 jackals (D:4)
  4 kobolds
  5 quokkas
  4 frilled lizards
  4 goblins
  A leopard gecko skeleton (D:4)
  7 rats
133 creatures vanquished.

Notes
Turn   | Place    | Note
-------+----------+-------------------------------------------
     0 | D:1      | Firecrotchwizard the Troll Berserker began the quest for
                  | the Orb.
     0 | D:1      | Reached XP level 1. HP: 22/22 MP: 0/0
   211 | D:1      | Reached skill level 3 in Maces & Flails
   325 | D:2      | Found a glowing golden altar of the Shining One.
   333 | D:2      | Reached XP level 2. HP: 29/29 MP: 1/1
   388 | D:2      | Noticed a dagger
   388 | D:2      | Noticed a dagger
   389 | D:2      | Found a hide-covered altar of Uskayaw.
   517 | D:2      | Reached XP level 3. HP: 36/36 MP: 2/2
   634 | D:2      | Found a runed door.
  1083 | D:3      | Noticed Natasha
  1092 | D:3      | HP: 6/36 [Natasha (7)]
  1097 | D:3      | Killed Natasha
  1097 | D:3      | Reached skill level 3 in Fighting
  1097 | D:3      | Reached skill level 4 in Maces & Flails
  1097 | D:3      | Reached XP level 4. HP: 7/45 MP: 3/3
  1115 | D:3      | Noticed Natasha
  1159 | D:3      | Killed Natasha
  1159 | D:3      | Reached ** piety under Trog
  1599 | D:3      | Reached XP level 5. HP: 25/53 MP: 4/4
  1750 | D:3      | Found an opulent altar of Gozag.
  1803 | D:3      | Noticed a phantom
  1859 | D:3      | Killed a phantom
  1859 | D:3      | Reached skill level 5 in Maces & Flails
  1884 | D:3      | Noticed Natasha
  1897 | D:3      | Killed Natasha
  1897 | D:3      | Reached XP level 6. HP: 48/62 MP: 5/5
  2042 | D:3      | Found a radiant altar of Vehumet.
  2927 | D:4      | Found a bloodstained altar of Trog.
  2981 | D:4      | Reached skill level 4 in Fighting
  3113 | D:5      | Entered Level 5 of the Dungeon
  3414 | D:5      | Found a hazy altar of Hepliaklqana.
  3426 | D:5      | Noticed an ice beast
  3437 | D:5      | Killed an ice beast
  3437 | D:5      | Reached skill level 6 in Maces & Flails
  3438 | D:5      | Noticed Sigmund
  3452 | D:5      | Killed Sigmund
  3452 | D:5      | Reached XP level 7. HP: 55/71 MP: 6/6
  3618 | D:5      | Found a glowing silver altar of Zin.
  4027 | D:5      | Reached skill level 7 in Maces & Flails
  4426 | D:6      | Found a shimmering altar of Xom.
  4475 | D:6      | Reached skill level 5 in Fighting
  4475 | D:6      | Reached XP level 8. HP: 44/80 MP: 7/7
  4619 | D:6      | Noticed Edmund
  4646 | D:6      | Killed Edmund
  4826 | D:6      | Reached *** piety under Trog
  4826 | D:6      | Reached skill level 8 in Maces & Flails
  4965 | D:6      | Found Oxkoture's Magic Scroll Emporium.
  5701 | D:7      | Found a staircase to the Ecumenical Temple.
  5892 | D:7      | Found an iron altar of Okawaru.
  5902 | D:7      | Reached skill level 6 in Fighting
  5902 | D:7      | Reached skill level 9 in Maces & Flails
  6014 | D:7      | Reached XP level 9. HP: 84/89 MP: 8/8
  6282 | D:7      | Noticed a skeletal warrior
  6286 | D:7      | Noticed a skeletal warrior
  6319 | D:7      | Reached skill level 10 in Maces & Flails
  6331 | D:7      | Noticed a manticore
  6343 | D:7      | HP: 18/92 [manticore (8)]
  6343 | D:7      | HP: 7/92 [manticore (8)]
  6344 | D:7      | HP: 3/92 [manticore (4)]
  6345 | D:7      | Slain by a manticore

Vault maps used:
D:1:      onia_arrival_mini_spirals
D:2:      old_standard_altar, dancing_weapons_uskayaw, uniq_crazy_yiuf_cottage
D:3:      lemuel_doored_altar, grunt_gozag_statues, uniq_natasha
D:4:      kennysheep_mini_moat, first_ration, kennysheep_cross_room
D:5:      nicolae_overflow_crystal_walls, kennysheep_mini, uniq_sigmund
D:6:      serial_shops, shop, xom_teletrap_fun, uniq_edmund
D:7:      minmay_the_grid_octo_2x2, okawaru_metal_pillars_3,
          minmay_temple_entry_hall, chequers_serial_rivers_micro_b, the_bakery

Skill      XL: |  1  2  3  4  5  6  7  8  9 |
---------------+----------------------------+-----
Maces & Flails | 3 4 5 6 7 9 10 | 10.0
Fighting       | 3 4 5 6 |  6.6
Dodging        | |  2.4

Action                   |  1- 3 |  4- 6 |  7- 9 || total
-------------------------+-------+-------+-------++-------
Melee: Mace              |    92 |   182 |    86 ||   360
       Flail             |       |       |   190 ||   190
Invok: Berserk           |     1 |     2 |     5 ||     8
       Trog's Hand       |       |     1 |     4 ||     5
Evoke: Wand              |       |       |     1 ||     1
  Use: Scroll            |       |       |    12 ||    12
 Stab: Sleeping          |     1 |       |     2 ||     3
  Eat: Chunk             |    15 |    21 |    37 ||    73
Armor: Animal skin       |    32 |    48 |    73 ||   153
Dodge: Dodged            |    41 |    87 |   154 ||   282

Table legend:
 A = Non-vault XP
 B = Vault XP
 C = Vault XP percentage of total XP
 D = Non-vault monster count
 E = Vault monster count
 F = Vault count percentage of total count
                 A         B        C        D         E       F
            +---------+---------+-------+---------+---------+-------
      Total |    2767 |    1052 |  27.5 |     123 |      10 |   7.5
            +---------+---------+-------+---------+---------+-------
        D:1 |       9 |       0 |   0.0 |       6 |       0 |   0.0
        D:2 |      57 |       0 |   0.0 |      17 |       0 |   0.0
        D:3 |     294 |      33 |  10.1 |      23 |       1 |   4.2
        D:4 |     143 |       0 |   0.0 |      13 |       0 |   0.0
        D:5 |     424 |     227 |  34.9 |      13 |       1 |   7.1
        D:6 |     817 |     158 |  16.2 |      20 |       1 |   4.8
        D:7 |    1023 |     634 |  38.3 |      31 |       7 |  18.4
            +---------+---------+-------+---------+---------+-------

Vault maps used:
D:1:      onia_arrival_mini_spirals
D:2:      old_standard_altar, dancing_weapons_uskayaw, uniq_crazy_yiuf_cottage
D:3:      lemuel_doored_altar, grunt_gozag_statues, uniq_natasha
D:4:      kennysheep_mini_moat, first_ration, kennysheep_cross_room
D:5:      nicolae_overflow_crystal_walls, kennysheep_mini, uniq_sigmund
D:6:      serial_shops, shop, xom_teletrap_fun, uniq_edmund
D:7:      minmay_the_grid_octo_2x2, okawaru_metal_pillars_3,
          minmay_temple_entry_hall, chequers_serial_rivers_micro_b, the_bakery

Table legend:
 A = Turns spent in this place as a percentage of turns spent in the entire game.
 B = Non-inter-level travel turns spent in this place as a percentage of non-inter-level travel turns spent in the entire game.
 C = Inter-level travel turns spent in this place as a percentage of turns spent in this place.
 D = Turns resting spent in this place as a percentage of non-inter-level travel turns spent in this place.
 E = Turns spent auto-exploring this place as a percentage of non-inter-level travel turns spent in this place.
 F = Non-inter-level travel turns spent in this place divided by the number of levels of this place that you've seen.
                   A       B       C       D       E      F
               +-------+-------+-------+-------+-------+----------------------
         Total | 100.0 | 100.0 |   3.8 |  23.6 |  58.9 | 872.3
       Dungeon | 100.0 | 100.0 |   3.8 |  23.6 |  58.9 | 872.3
               +-------+-------+-------+-------+-------+----------------------

Table legend:
 A = Kills in this place as a percentage of kills in entire the game.
 B = Kills by you in this place as a percentage of kills by you in the entire game.
 C = Kills by friends in this place as a percentage of kills by friends in the entire game.
 D = Other kills in this place as a percentage of other kills in the entire game.
 E = Experience gained in this place as a percentage of experience gained in the entire game.
 F = Experience gained in this place divided by the number of levels of this place that you have seen.
                   A       B       C       D       E      F
               +-------+-------+-------+-------+-------+----------------------
         Total | 100.0 | 100.0 |   N/A |   N/A | 100.0 | 545.6
       Dungeon | 100.0 | 100.0 |   N/A |   N/A | 100.0 | 545.6
               +-------+-------+-------+-------+-------+----------------------
